AoeStats
← No Atro

Socotra

506875557Analyzed
3v3 RM · 16d ago on Sep 15, 2026· 51m 31s· 6 players
Game mode
Random Map
Map size
128×128
Population
200
Speed
Normal
Resources
Standard
Victory
Conquest
Starting age
Dark Age
Ending age
Imperial Age
RankedLock teamsTeams togetherTeam positionsShared explorationLock speedFull tech treeHidden civsTurbo modeCheats
Victory
Defeat
🇨🇦 Vikings · Canada
1092
+13
🇺🇸 Japanese · United States
1038
+15
🇨🇳 Spanish · China
1030
+15
🇩🇪 Mongols · Germany
1224
-23
🇪🇸 Franks · Spain
958
-12
🇪🇸 Goths · Spain
851
-8
TocTheYoungr
0:48 Loom
12:08 Feudal Age
12:16 Man-at-Arms
12:52 Double-Bit Axe
14:18 Horse Collar
16:48 Wheelbarrow
18:23 Fletching
19:45 Padded Archer Armor
27:13 Castle Age
29:16 Bodkin Arrow
29:21 Gold Mining
30:27 Bow Saw
30:21 Heavy Plow
32:28 Leather Archer Armor
32:15 Elite Skirmisher
33:02 Thumb Ring
35:36 Scale Mail Armor
40:49 Imperial Age
40:42 Chain Mail Armor
42:53 Bracer
43:25 Plate Mail Armor
43:15 Husbandry
43:26 Bloodlines
47:02 Forging
47:27 Ring Archer Armor
47:26 Parthian Tactics
48:28 Elite Samurai
49:49 Iron Casting
No Atro
10:55 Feudal Age
15:07 Fletching
16:51 Horse Collar
16:58 Double-Bit Axe
22:10 Castle Age
19:57 Loom
22:19 Crossbowman
22:58 Bodkin Arrow
23:04 Padded Archer Armor
28:29 Bow Saw
29:15 Leather Archer Armor
34:10 Ballistics
39:22 Town Watch
42:40 Imperial Age
42:26 Town Patrol
43:01 Arbalester
47:41 Bracer
种田使我快乐
11:41 Feudal Age
16:38 Loom
20:07 Castle Age
18:36 Double-Bit Axe
18:33 Horse Collar
21:11 Fletching
21:22 Padded Archer Armor
29:12 Gold Mining
31:59 Bodkin Arrow
32:21 Leather Archer Armor
32:29 Ballistics
32:29 Husbandry
37:23 Imperial Age
37:35 Wheelbarrow
38:15 Bloodlines
37:27 Light Cavalry
38:25 Pikeman
39:05 Squires
41:00 Scale Barding Armor
41:05 Forging
43:12 Conscription
46:04 Scale Mail Armor
46:25 Chain Barding Armor
46:40 Iron Casting
47:11 Heavy Plow
47:23 Bow Saw
47:07 Hussar
50:02 Stone Mining
51:36 Plate Barding Armor
trancas
5:31 Loom
11:11 Feudal Age
11:57 Gold Mining
11:37 Man-at-Arms
16:58 Horse Collar
22:00 Castle Age
24:03 Double-Bit Axe
25:20 Heavy Plow
28:33 Fletching
33:57 Imperial Age
34:07 Bodkin Arrow
35:26 Padded Archer Armor
42:51 Wheelbarrow
46:53 Leather Archer Armor
46:39 Bracer
49:23 Ballistics
P Dog
10:37 Feudal Age
11:07 Loom
11:18 Double-Bit Axe
14:59 Fletching
18:21 Padded Archer Armor
24:20 Castle Age
23:22 Horse Collar
24:26 Scale Barding Armor
24:27 Crossbowman
25:16 Thumb Ring
26:34 Leather Archer Armor
29:10 Bodkin Arrow
32:31 Ballistics
33:14 Bow Saw
33:06 Heavy Plow
36:38 Chain Barding Armor
36:28 Forging
39:16 Iron Casting
44:30 Imperial Age
44:50 Capped Ram
45:32 Bracer
46:20 Arbalester
48:00 Elite Skirmisher
51:14 Blast Furnace
nitrampep
11:50 Feudal Age
16:30 Castle Age
16:05 Loom
16:33 Double-Bit Axe
16:43 Gold Mining
17:15 Scale Barding Armor
18:14 Bow Saw
22:40 Gold Shaft Mining
25:35 Wheelbarrow
24:45 Town Watch
27:02 Hand Cart
27:28 Husbandry
28:13 Town Patrol
34:55 Imperial Age
36:52 Cavalier
39:06 Chain Barding Armor
46:08 Paladin
47:11 Caravan
51:06 Plate Barding Armor
Connection lost

Rejoining the realm…

Still unreachable

The connection could not be restored.

Session expired

The server has moved on; the page needs a fresh start.